 Dungeon Crawl Stone Soup version 0.20.1-1-g8b1a95d (webtiles) character file.

129336 homeworkjunkie the Severer (level 17, -5/154 HPs)
             Began as a Hill Orc Fighter on Dec 19, 2017.
             Was the Champion of Okawaru.
             Slain by the 23-headed Lernaean hydra (6 damage)
             ... on level 4 of the Swamp.
             The game lasted 00:51:04 (26393 turns).

homeworkjunkie the Severer (Hill Orc Fighter)      Turns: 26393, Time: 00:51:05

Health: -5/154     AC: 36    Str: 25    XL:     17   Next: 5%
Magic:  25/25      EV: 16    Int:  8    God:    Okawaru [******]
Gold:   1027       SH: 10    Dex: 16    Spells: 16/16 levels left

rFire    + . .     SeeInvis .   E - +6 broad axe (flame)
rCold    + + .     Gourm    .   O - +2 buckler {rPois}
rNeg     . . .     Faith    .   p - +6 plate armour {rC+}
rPois    +         Spirit   .   n - +2 helmet
rElec    +         Reflect  .   X - +2 cloak
rCorr    +         Harm     +   q - +3 pair of gauntlets of War {Slay+5}
MR       +....                  t - +2 pair of boots
Stlth    ..........             w - amulet of harm
Regen    0.4/turn               d - +4 ring of slaying
MPRegen  0.2/turn               B - +2 ring of evasion

@: agile, resistant, slowed, very slow
A: no striking features
a: Heroism, Finesse, Renounce Religion


You were on level 4 of the Swamp.
You worshipped Okawaru.
Okawaru was exalted by your worship.
You were not hungry.

You visited 5 branches of the dungeon, and saw 26 of its levels.
You also visited: Labyrinth.

You collected 2547 gold pieces.
You spent 1520 gold pieces at shops.

Inventory:

Hand Weapons
 E - a +6 broad axe of flaming (weapon)
 R - the +9 war axe of Okawaru's Reproof {chop, Int+4}
   (Okawaru gifted it to you on level 2 of the Swamp)

   It inflicts extra damage upon your enemies.
   It affects your intelligence (+4).
Armour
 n - a +2 helmet (worn)
 p - a +6 plate armour of cold resistance (worn)
 q - the +3 pair of gauntlets of War (worn) {Slay+5}
   (You bought it in a shop on level 2 of the Orcish Mines)

   It affects your accuracy and damage with ranged weapons and melee attacks
   (+5).
 t - a +2 pair of boots (worn)
 O - a +2 buckler of poison resistance (worn)
 X - a +2 cloak (worn)
Jewellery
 a - the ring of Muneur {Fire rElec rPois}
   (You took it off a minotaur in a labyrinth)

   [ring of fire]

   It enhances your fire magic.
   It protects you from fire.
   It makes you vulnerable to cold.
   It insulates you from electricity.
   It protects you from poison.
 d - a +4 ring of slaying (left hand)
 m - an uncursed ring of resist corrosion
 s - a +2 ring of protection
 v - an uncursed ring of see invisible
 w - an amulet of harm (around neck)
 x - an uncursed amulet of magic regeneration {unknown}
 A - an uncursed ring of protection from cold
 B - a +2 ring of evasion (right hand)
 C - an uncursed ring of protection from magic
 F - an uncursed ring of poison resistance
Wands
 b - a wand of disintegration (10/24)
 c - a wand of digging (10/24)
 g - a wand of confusion (5/48)
 l - a wand of lightning (14/15)
 z - a wand of iceblast (5/15)
 D - a wand of confusion (17/48)
 H - a wand of lightning (6/15)
 I - a wand of digging (16/24)
 L - a wand of flame (25/48)
 Q - a wand of disintegration (15/24)
 S - a wand of lightning (4/15)
Scrolls
 k - 8 scrolls of teleportation
 r - 11 scrolls of remove curse
 y - 2 scrolls of blinking
 G - a scroll of magic mapping
 T - a scroll of fog
 V - a scroll of silence
 W - a scroll of fear
Potions
 e - 2 potions of mutation
 h - 6 potions of curing
 i - 6 potions of brilliance
 o - 3 potions of berserk rage
 u - 2 potions of resistance
 J - a potion of ambrosia
 K - 2 potions of flight
 P - a potion of cancellation
Comestibles
 f - 11 bread rations
 j - 2 royal jellies
 Y - a meat ration


   Skills:
 * Level 14.8 Fighting
 * Level 20.3 Axes
 * Level 12.4 Armour
 + Level 2.2 Dodging
 + Level 1.5 Stealth
 * Level 16.2 Shields
 + Level 1.0 Invocations
 * Level 10.8 Evocations


You had 16 spell levels left.
You didn't know any spells.

Dungeon Overview and Level Annotations

Branches:
Dungeon (13/15)            Temple (1/1) D:6            Lair (6/6) D:11
  Swamp (4/4) Lair:2        Snake (0/4) Lair:2        Slime (0/5) Lair:5
    Orc (2/2) D:12            Elf (0/3) Orc:2
 Vaults: D:13-14

Altars:
Cheibriados
Dithmenos
Hepliaklqana
Kikubaaqudgha
Makhleb
Nemelex Xobeh
Okawaru
Qazlal
Sif Muna
Trog
Uskayaw
Vehumet
Xom
Yredelemnul
The Shining One
Beogh

Shops:
Orc:2 ([(}*

Annotations:
Swamp:4 Lernaean hydra


Message History

The 23-headed Lernaean hydra barely misses you.
The 23-headed Lernaean hydra completely misses you.
The 23-headed Lernaean hydra bites you but does no damage. x2
The 23-headed Lernaean hydra bites you.
* * * LOW HITPOINT WARNING * * *
The 23-headed Lernaean hydra bites you!
* * * LOW HITPOINT WARNING * * *
The 23-headed Lernaean hydra closely misses you.
The 23-headed Lernaean hydra bites you but does no damage. x2
The 23-headed Lernaean hydra bites you.
* * * LOW HITPOINT WARNING * * *
The 23-headed Lernaean hydra bites you but does no damage. x3
The 23-headed Lernaean hydra closely misses you.
The 23-headed Lernaean hydra bites you but does no damage.
You feel better. The 23-headed Lernaean hydra bites you!
* * * LOW HITPOINT WARNING * * *
You block the 23-headed Lernaean hydra's attack.
The 23-headed Lernaean hydra closely misses you.
The 23-headed Lernaean hydra bites you.
You die...

/8 .#..P≈ ♣##
.'.8.≈
♣≈####'#.≈.#
♣≈#≈.≈..≈8..
♣≈#...8.8≈..
♣.@D......≈.
♣.#.....≈..⌠
♣....########
♣.#≈...#...⌠#
♣..P........#
♣≈#.(.8≈(.≈.#
♣≈#......(..#
♣≈#.#..#...#....
♣...≈.≈..(.....(


You could see the 23-headed Lernaean hydra.

Vanquished Creatures
  Saint Roka (Orc:2)
  Nikola (Swamp:4)
  Rupert (D:12)
  Kirke (Swamp:4)
  Louise (Swamp:4)
  A minotaur (Lab)
  Erolcha (Orc:1)
  22 hydras
  The ghost of homeworkjunkie the Cleaver, a novice HOFi of Okawaru (D:9)
  5 ghost crabs
  12 alligators
  4 two-headed ogres
  Urug (Lair:4)
  Sonja (Lair:4)
  Nergalle (Lair:2)
  An unseen horror (D:6)
  A fire crab (Lair:6)
  A spriggan druid (Swamp:4)
  3 shambling mangroves
  13 swamp dragons
  5 orc knights
  An ugly thing (D:11)
  The ghost of troglodite the Skirmisher, a novice DsBe of Trog (D:6)
  A deep elf mage (D:12)
  3 oklob plants (Lair:2)
  2 manticores
  2 cyclopes
  7 elephants
  5 black mambas
  Psyche (D:11)
  17 spiny frogs
  A rime drake (Lair:6)
  5 komodo dragons
  7 polar bears
  3 meliai (D:13)
  7 tyrant leeches
  6 trolls
  23 hornets
  17 bog bodies
  19 slime creatures
  Grinder (D:3)
  28 blink frogs
  10 dream sheep
  2 hippogriffs
  22 spriggans
  A centaur simulacrum (D:9)
  36 yaks
  A redback (Lab)
  2 basilisks
  2 shadows
  3 hogs (Swamp:4)
  Eustachio (D:6)
  5 hungry ghosts
  5 wargs
  14 vampire mosquitoes
  22 swamp worms
  5 insubstantial wisps
  A soldier ant (D:12)
  An acid dragon (D:12)
  3 nagas (Lair:2)
  6 water moccasins
  16 swamp drakes
  7 porcupines
  46 orc warriors
  A phantom (D:12)
  2 sky beasts
  6 black bears
  6 ice beasts
  14 ogres
  31 wolves
  6 centaurs
  5 boggarts (Lair:6)
  7 crocodiles
  5 big kobolds
  17 bullfrogs
  2 gnoll sergeants (D:12)
  3 scorpions
  A wyvern skeleton (D:7)
  8 wights
  5 killer bees
  An electric eel (Lair:2)
  4 lava snakes (Lab)
  A howler monkey (D:6)
  5 crimson imps
  A quasit (D:8)
  A centaur zombie (D:12)
  4 jellies
  22 orc priests
  4 bullfrog skeletons
  6 hounds
  30 orc wizards
  4 centaur skeletons
  A gnoll shaman (D:6)
  5 iguanas
  13 worker ants
  2 hound zombies
  3 hound skeletons
  13 adders
  16 gnolls
  2 oozes
  3 adder skeletons
  4 worms
  2 dart slugs (D:2)
  10 leopard geckos
  104 orcs
  2 ball pythons (D:3)
  5 bats
  5 giant cockroaches
  12 hobgoblins
  11 jackals
  5 quokkas
  6 frilled lizards
  5 goblins
  3 goblin skeletons (D:8)
  3 goblin zombies (D:8)
  2 jackal skeletons
  10 kobolds
  A kobold skeleton (D:8)
  A leopard gecko skeleton (D:5)
  2 orc skeletons (D:8)
  14 rats
  10 fungi
  3 plants
926 creatures vanquished.

Vanquished Creatures (others)
  An alligator (Swamp:4)
  A spriggan druid (Swamp:4)
  An insubstantial wisp (Swamp:4)
  14 fungi
  7 plants
24 creatures vanquished.

Grand Total: 950 creatures vanquished

Notes
Turn   | Place    | Note
-------+----------+-------------------------------------------
     0 | D:1      | homeworkjunkie the Hill Orc Fighter began the quest for the Orb.
     0 | D:1      | Reached XP level 1. HP: 19/19 MP: 1/1
    17 | D:1      | Reached XP level 2. HP: 23/27 MP: 2/2
   200 | D:2      | Found an iron altar of Okawaru.
   205 | D:2      | Became a worshipper of Warmaster Okawaru
   240 | D:3      | Reached skill level 3 in Axes
   272 | D:3      | Reached XP level 3. HP: 34/34 MP: 3/3
   429 | D:4      | Noticed an ogre
   436 | D:4      | Killed an ogre
   436 | D:4      | Reached skill level 4 in Axes
   436 | D:4      | Reached XP level 4. HP: 5/41 MP: 4/4
   436 | D:4      | Reached XP level 5. HP: 6/47 MP: 5/5
   763 | D:3      | Found a bloodstained altar of Trog.
   840 | D:2      | Found a stormy altar of Qazlal.
   841 | D:2      | Found a shadowy altar of Dithmenos.
   842 | D:2      | Found a burning altar of Makhleb.
   867 | D:1      | Reached skill level 5 in Axes
   890 | D:3      | Noticed Grinder
   900 | D:3      | Paralysed by Grinder for 6 turns
   907 | D:3      | Killed Grinder
   907 | D:3      | Reached * piety under Okawaru
   907 | D:3      | Reached skill level 5 in Fighting
   907 | D:3      | Reached skill level 6 in Axes
   907 | D:3      | Reached XP level 6. HP: 29/56 MP: 6/6
  1064 | D:3      | Found a faded altar of an unknown god.
  1586 | D:3      | Reached XP level 7. HP: 54/61 MP: 7/7
  2826 | D:4      | Reached skill level 7 in Axes
  3285 | D:4      | Reached ** piety under Okawaru
  3285 | D:4      | Reached skill level 5 in Shields
  3302 | D:5      | Entered Level 5 of the Dungeon
  3433 | D:5      | Found an ancient bone altar of Kikubaaqudgha.
  3723 | D:4      | Reached skill level 1 in Evocations
  4031 | D:6      | Reached skill level 5 in Armour
  4035 | D:6      | Reached skill level 8 in Axes
  4035 | D:6      | Reached XP level 8. HP: 61/69 MP: 8/8
  4049 | D:6      | Noticed Eustachio
  4062 | D:6      | Killed Eustachio
  4228 | D:5      | Reached skill level 1 in Dodging
  4938 | D:6      | Reached skill level 9 in Axes
  5065 | D:6      | Found a staircase to the Ecumenical Temple.
  5074 | Temple   | Entered the Ecumenical Temple
  5108 | D:6      | Reached *** piety under Okawaru
  5163 | D:6      | Reached XP level 9. HP: 44/75 MP: 11/11
  5164 | D:6      | Reached skill level 10 in Axes
  5385 | D:6      | Found a sparkling altar of Nemelex Xobeh.
  5489 | D:6      | Found a basalt altar of Yredelemnul.
  5561 | D:5      | Found a shimmering altar of Xom.
  5687 | D:6      | Noticed troglodite's ghost (novice DsBe)
  5692 | D:6      | Killed troglodite's ghost
  5730 | D:6      | Noticed an unseen horror
  5738 | D:6      | Killed an unseen horror
  5738 | D:6      | Reached **** piety under Okawaru
  5738 | D:6      | Reached skill level 11 in Axes
  6017 | D:7      | Found a hazy altar of Hepliaklqana.
  6173 | D:7      | Reached XP level 10. HP: 86/86 MP: 13/13
  6312 | D:7      | Reached skill level 12 in Axes
  6469 | D:7      | Found a snail-covered altar of Cheibriados.
  6547 | D:7      | Found a deep blue altar of Sif Muna.
  6884 | D:8      | Noticed a two-headed ogre
  6892 | D:8      | Killed a two-headed ogre
  6892 | D:8      | Reached ***** piety under Okawaru
  7254 | D:8      | Noticed a two-headed ogre
  7256 | D:8      | Noticed a two-headed ogre
  7261 | D:8      | Killed a two-headed ogre
  7261 | D:8      | Received a gift from Okawaru
  7261 | D:8      | Reached skill level 13 in Axes
  7267 | D:8      | Killed a two-headed ogre
  7267 | D:8      | Reached skill level 5 in Evocations
  7409 | D:8      | Found a glowing golden altar of the Shining One.
  7795 | D:10     | Entered Level 10 of the Dungeon
  7917 | D:11     | Noticed a manticore
  7921 | D:11     | Killed a manticore
  7921 | D:11     | Reached XP level 11. HP: 48/95 MP: 14/14
  8172 | D:10     | Noticed a six-headed hydra
  8179 | D:10     | Killed a six-headed hydra
  8179 | D:10     | Reached skill level 14 in Axes
  8392 | D:10     | Identified a scroll of acquirement
  8647 | D:9      | Received a gift from Okawaru
  8928 | D:9      | Noticed homeworkjunkie's ghost (novice HOFi)
  8948 | D:9      | Killed homeworkjunkie's ghost
  9399 | D:11     | Found a staircase to the Lair.
  9400 | D:11     | Noticed Psyche
  9405 | D:11     | Killed Psyche
  9424 | Lair:1   | Entered Level 1 of the Lair of Beasts
  9424 | Lair:1   | Found a shadowy altar of Dithmenos.
  9463 | Lair:1   | Reached skill level 15 in Axes
  9514 | Lair:1   | Found a labyrinth entrance.
  9526 | Lab      | Entered a labyrinth
 10091 | Lab      | Noticed a minotaur
 10097 | Lab      | Killed a minotaur
 10097 | Lab      | Reached XP level 12. HP: 97/105 MP: 10/16
 10099 | Lab      | Got a clouded jade ring
 10104 | Lab      | Got a dazzling troll leather armour
 10344 | Lair:2   | Noticed Nergalle
 10358 | Lair:2   | Killed Nergalle
 10770 | Lair:4   | Reached skill level 16 in Axes
 10822 | Lair:2   | Received a gift from Okawaru
 10838 | Lair:2   | Got a distressingly furry chain mail {god gift}
 11142 | D:11     | Reached skill level 10 in Fighting
 11524 | D:10     | Identified the +0 troll leather armour of Fenguo {rElec Regen+} (You found it in a labyrinth)
 11544 | D:10     | Identified the +8 chain mail of Springtime {rN+ rCorr Int-2} (Okawaru gifted it to you on level 2 of the Lair of Beasts)
 11546 | D:10     | Identified the ring of Muneur {Fire rElec rPois} (You took it off a minotaur in a labyrinth)
 11599 | D:11     | Reached skill level 10 in Shields
 12054 | D:11     | Noticed a two-headed ogre
 12060 | D:11     | Killed a two-headed ogre
 12569 | D:13     | Noticed a seven-headed hydra
 12729 | D:12     | Noticed a five-headed hydra
 12730 | D:12     | Noticed Rupert
 12735 | D:12     | Killed a one-headed hydra
 12735 | D:12     | Reached ****** piety under Okawaru
 12746 | D:12     | Killed Rupert
 12746 | D:12     | Reached skill level 17 in Axes
 12746 | D:12     | Reached XP level 13. HP: 40/114 MP: 18/18
 13198 | D:12     | Received a gift from Okawaru
 13274 | D:12     | Found a staircase to the Orcish Mines.
 13389 | Orc:1    | Entered Level 1 of the Orcish Mines
 13465 | Orc:2    | Entered Level 2 of the Orcish Mines
 13472 | Orc:2    | Noticed Erolcha
 13751 | Orc:1    | Killed Erolcha
 14078 | Orc:1    | Found a roughly hewn altar of Beogh.
 14281 | Orc:2    | Found a roughly hewn altar of Beogh.
 14504 | Orc:2    | Found a roughly hewn altar of Beogh.
 14504 | Orc:2    | Found Qoggainu's Antique Weapon Shoppe.
 14529 | Orc:2    | Reached skill level 18 in Axes
 14594 | Orc:2    | Found a roughly hewn altar of Beogh.
 14599 | Orc:2    | Found Rudaon Ream's Assorted Antiques.
 14708 | Orc:2    | Noticed Saint Roka
 15106 | Orc:2    | Killed Saint Roka
 15106 | Orc:2    | Received a gift from Okawaru
 15106 | Orc:2    | Reached skill level 1 in Stealth
 15106 | Orc:2    | Reached skill level 1 in Invocations
 15106 | Orc:2    | Reached XP level 14. HP: 116/124 MP: 17/20
 15130 | Orc:2    | Found Koll's Antique Weapon Shoppe.
 15131 | Orc:2    | Found a roughly hewn altar of Beogh.
 15134 | Orc:2    | Found Ejawucro's Antique Armour Emporium.
 15140 | Orc:2    | Bought the +3 pair of gauntlets of War {Slay+5} for 1520 gold pieces
 15179 | Orc:2    | Found Uggapyuph's Quality Used Wands.
 15185 | Orc:2    | Found a staircase to the Elven Halls.
 15315 | Orc:2    | Found a roughly hewn altar of Beogh.
 15400 | Orc:2    | Found a roughly hewn altar of Beogh.
 15773 | Lair:2   | Found a staircase to the Snake Pit.
 16011 | Lair:2   | Found a staircase to the Swamp.
 17002 | Lair:2   | Reached skill level 10 in Armour
 17737 | Lair:4   | Noticed Sonja
 17761 | Lair:4   | Killed Sonja
 17937 | Lair:4   | Noticed Urug
 17959 | Lair:4   | Killed Urug
 18383 | Lair:6   | Entered Level 6 of the Lair of Beasts
 18467 | Lair:4   | Received a gift from Okawaru
 18475 | Lair:4   | Got a pair of distressingly furry gloves {god gift}
 18486 | Lair:4   | Identified the +0 pair of gloves of the Bulwark {rElec Regen+ Int+2} (Okawaru gifted it to you on level 4 of the Lair of Beasts)
 18936 | Lair:5   | Found a staircase to the Slime Pits.
 19811 | Lair:6   | Reached XP level 15. HP: 133/134 MP: 22/22
 19930 | Lair:6   | Reached skill level 19 in Axes
 20967 | Swamp:1  | Entered Level 1 of the Swamp
 21000 | Swamp:1  | Received a gift from Okawaru
 21869 | Swamp:2  | Received a gift from Okawaru
 21872 | Swamp:2  | Got a crystal war axe {god gift}
 21916 | Swamp:1  | Identified the +9 war axe of Okawaru's Reproof {chop, Int+4} (Okawaru gifted it to you on level 2 of the Swamp)
 22441 | Swamp:2  | Reached skill level 10 in Evocations
 22956 | Swamp:3  | Reached XP level 16. HP: 146/146 MP: 23/23
 22967 | Swamp:4  | Entered Level 4 of the Swamp
 22967 | Swamp:4  | Noticed Louise
 22984 | Swamp:2  | Received a gift from Okawaru
 23338 | Swamp:4  | Reached skill level 15 in Shields
 23799 | Swamp:3  | Reached skill level 20 in Axes
 24438 | Swamp:4  | Received a gift from Okawaru
 24491 | Swamp:4  | Noticed Nikola
 24793 | Swamp:4  | Killed Nikola
 25226 | Swamp:4  | Received a gift from Okawaru
 25735 | Swamp:4  | Killed Louise
 26258 | Swamp:1  | Reached XP level 17. HP: 145/154 MP: 25/25
 26307 | Swamp:4  | Got a fine hat
 26314 | Swamp:4  | Noticed Kirke
 26318 | Swamp:4  | Identified the -3 hat of Voimpac {rF+} (You acquired it on level 4 of the Swamp)
 26329 | Swamp:4  | Killed Kirke
 26383 | Swamp:4  | Noticed the 27-headed Lernaean hydra
 26392 | Swamp:4  | HP: 1/154 [the 23-headed Lernaean hydra (7)]
 26393 | Swamp:4  | Slain by the 23-headed Lernaean hydra

Skill      XL: |  1  2  3  4  5  6  7  8  9 10 11 12 13 14 15 16 |
---------------+-------------------------------------------------+-----
Fighting       | 4 5 6 7 8 9 10 11 12 14 | 14.8
Axes           | 3 4 6 8 9 11 13 15 17 18 19 20 | 20.3
Shields        | 4 5 6 8 9 10 12 13 14 16 | 16.2
Armour         | 4 5 6 7 8 9 10 11 12 | 12.4
Evocations     | 1 3 4 5 6 7 8 9 10 | 10.8
Dodging        | 1 2 |  2.2
Stealth        | 1 |  1.5
Invocations    | 1 |  1.0

Action                   |  1- 3 |  4- 6 |  7- 9 | 10-12 | 13-15 | 16-18 || total
-------------------------+-------+-------+-------+-------+-------+-------++-------
Melee: War axe           |    47 |    80 |   252 |   146 |    81 |    26 ||   632
       Broad axe         |       |       |       |   333 |   772 |   271 ||  1376
Invok: Finesse           |       |       |       |     1 |     1 |       ||     2
Evoke: Wand              |       |       |       |    16 |     6 |       ||    22
  Use: Potion            |     3 |     1 |     8 |     4 |     5 |     5 ||    26
       Scroll            |     2 |     3 |    11 |    11 |    20 |     5 ||    52
 Stab: Confused          |       |       |       |       |     3 |       ||     3
  Eat: Bread ration      |       |     1 |     1 |     1 |       |       ||     3
       Royal jelly       |       |       |     3 |     3 |     7 |     5 ||    18
       Meat ration       |       |       |     1 |     2 |     1 |       ||     4
       Fruit             |       |       |       |     2 |    19 |       ||    21
Armor: Scale mail        |    28 |    25 |     1 |       |       |       ||    54
       Chain mail        |       |       |   109 |   130 |    75 |       ||   314
       Plate armour      |       |       |       |       |   211 |   323 ||   534
Dodge: Dodged            |    12 |    23 |    31 |    74 |   102 |   137 ||   379
Block: Shield            |    37 |    42 |    84 |       |       |       ||   163
       Large shield      |       |       |    83 |   375 |   699 |   354 ||  1511
       Buckler           |       |       |       |       |       |    32 ||    32
